 Dungeon Crawl Stone Soup version 0.13.0-7-g3df9ff1 (webtiles) character file.

332 HungrySpirit the Chopper (level 5, 0/46 HPs)
             Began as a Minotaur Fighter on Oct 16, 2013.
             Slain by an orc priest
             ... wielding a -1,+0 orcish flail
              (2 damage)
             ... on Level 3 of the Dungeon.
             The game lasted 00:03:28 (1813 turns).

HungrySpirit the Chopper (Minotaur Fighter)         Turns: 1813, Time: 00:03:28

HP   0/46        AC  6     Str 21      XL: 5   Next: 57%
MP   1/1         EV  6     Int  5      God:
Gold 122         SH 19     Dex 10      Spells:  0 memorised,  4 levels left

Res.Fire  : . . .   See Invis. : .   a - +0 hand axe {=f}
Res.Cold  : . . .   Warding    : .   b - +0 scale mail
Life Prot.: . . .   Conserve   : .   c - +0 shield
Res.Poison: .       Res.Corr.  : .   (helmet restricted)
Res.Elec. : .       Clarity    : .   (no cloak)
Sust.Abil.: . .     Spirit.Shd : .   (no gloves)
Res.Mut.  : .       Stasis     : .   (no boots)
Res.Rott. : .       Flight     : .   (no amulet)
Saprovore : . . .                    (no ring)
                                     m - ring of sustenance

@: slightly resistant to hostile enchantments, extremely unstealthy
A: retaliatory headbutt, horns 2
a: no special abilities


You were on level 3 of the Dungeon.
You were not hungry.

You visited 1 branch of the dungeon, and saw 3 of its levels.

You collected 102 gold pieces.

Inventory:

Hand weapons
 a - a +0,+0 hand axe (weapon) {=f}
Armour
 b - a +0 scale mail (worn)
 c - a +0 shield (worn)
Comestibles
 d - 3 bread rations
 l - a snozzcumber
Scrolls
 f - 4 scrolls of remove curse {unknown}
 g - 3 scrolls of teleportation {unknown}
 h - 2 scrolls of curse weapon {unknown}
 i - a scroll of curse armour {unknown}
 j - a scroll of curse jewellery {unknown}
Jewellery
 m - a ring of sustenance (left hand)
Potions
 e - 2 potions of heal wounds
 k - 3 potions of might
 n - a potion of invisibility
 o - a potion of decay {unknown}
 q - a potion of curing {unknown}


   Skills:
 - Level 3.6 Fighting
 + Level 7.1 Axes
 - Level 3.6 Armour
 - Level 3.6 Shields


You had 4 spell levels left.
You didn't know any spells.

Dungeon Overview and Level Annotations

Branches:
Dungeon (3/27)

Altars:
Sif Muna
Trog


Innate Abilities, Weirdness & Mutations

You reflexively headbutt those who attack you in melee.
You have a pair of horns on your head.


Message History

You hit the orc priest but do no damage.
The orc priest is severely wounded.
Your shield and scale mail prevent you from hitting the orc.
The orc is moderately wounded.
The orc barely misses you. You block the orc priest's attack.
You block the orc's attack.
Unknown command.
You hit the orc priest.
The orc priest is almost dead.
You hit the orc but do no damage.
The orc is moderately wounded.
The orc priest calls upon Beogh to heal the orc.
The orc's wounds heal themselves!
The orc barely misses you. You furiously retaliate!
You headbutt the orc. You barely miss the orc.
The orc is moderately wounded.
You hit the orc priest but do no damage.
The orc priest is almost dead.
The orc priest hits you with an orcish flail.
You die...

######### ........#
#######
#........#####o.......
.......>......@o.......
#........#####)#.....#
#........# .# ...
#........# .# .
#.....)..# .#
#........# .#
#........# .#
#........# ..
######.### _


You could see an orc priest and an orc.

Vanquished Creatures
  Purgy (D:3)
  6 adders
  A giant mite (D:2)
  A worm (D:2)
  A giant gecko (D:2)
  3 orcs (D:3)
  7 bats
  4 giant cockroaches
  6 hobgoblins
  A giant newt (D:2)
  5 goblins
  5 kobolds
  A quokka (D:2)
  11 rats
53 creatures vanquished.

Notes
Turn   | Place    | Note
--------------------------------------------------------------
     0 | D:1      | HungrySpirit, the Minotaur Fighter, began the quest for the Orb.
     0 | D:1      | Reached XP level 1. HP: 19/19 MP: 0/0
   273 | D:1      | Reached XP level 2. HP: 26/26 MP: 0/0
   767 | D:2      | Reached skill level 4 in Axes
   885 | D:2      | Reached XP level 3. HP: 26/33 MP: 1/1
  1182 | D:2      | Reached skill level 5 in Axes
  1221 | D:2      | Reached XP level 4. HP: 30/39 MP: 1/1
  1503 | D:2      | Noticed a moth of wrath
  1505 | D:2      | Found a bloodstained altar of Trog.
  1661 | D:3      | Noticed Purgy
  1671 | D:3      | Killed Purgy
  1671 | D:3      | Reached skill level 7 in Axes
  1671 | D:3      | Reached XP level 5. HP: 34/46 MP: 1/1
  1803 | D:3      | Found a deep blue altar of Sif Muna.
  1810 | D:3      | HP: 2/46 [orc priest/nerve-wracking pain (4)]
  1813 | D:3      | Slain by an orc priest

Action                   |  1- 3 |  4- 6 || total
-------------------------+-------+-------++-------
Melee: Hand axe          |    92 |    55 ||   147
  Use: Scroll            |       |     5 ||     5
